 Dungeon Crawl Stone Soup version 0.20.0-8-g6b59dc7 (webtiles) character file.

63 vatarom the Gusty (level 4, -3/24 HPs)
             Began as a Tengu Air Elementalist on June 2, 2017.
             Slain by a goblin
             ... wielding a +0 club
             ... led by Robin
              (4 damage)
             ... on level 1 of the Dungeon.
             The game lasted 00:03:54 (1229 turns).

vatarom the Gusty (Tengu Air Elementalist)          Turns: 1229, Time: 00:03:54

Health: -3/24      AC:  2    Str:  9    XL:     4   Next: 10%
Magic:  5/8        EV: 12    Int: 16    God:
Gold:   8          SH:  0    Dex: 14    Spells: 1/7 levels left

rFire    . . .     SeeInvis .   g - +0 short sword
rCold    . . .     Gourm    .   (no shield)
rNeg     . . .     Faith    .   a - +0 robe
rPois    .         Spirit   .   (helmet restricted)
rElec    .         Reflect  .   (no cloak)
rCorr    .         Harm     .   (no gloves)
MR       .....                  (boots unavailable)
Stlth    ++........             (no amulet)
Regen    0.1/turn               (no ring)
MPRegen  0.2/turn               (no ring)

@: no status effects
A: beak, talons 3
a: no special abilities


You were on level 1 of the Dungeon.
You were not hungry.

You visited 1 branch of the dungeon, and saw 2 of its levels.

You collected 8 gold pieces.

Inventory:

Hand Weapons
 g - a +0 short sword (weapon)
Armour
 a - a +0 robe (worn)
Scrolls
 f - a scroll of enchant armour {unknown}
Books
 b - a book of Air

   Spells                             Type                      Level
   a - Shock                          Conjuration/Air              1
   b - Swiftness                      Charms/Air                   2
   c - Static Discharge               Conjuration/Air              3
   d - Airstrike                      Air                          4
   e - Lightning Bolt                 Conjuration/Air              5
Comestibles
 d - a meat ration
 h - 2 fruits


   Skills:
 - Level 2.1 Dodging
 - Level 2.0 Stealth
 - Level 2.0 Spellcasting
 + Level 3.5 Conjurations
 + Level 5.4 Air Magic


You had one spell level left.
You knew the following spells:

 Your Spells              Type           Power        Failure   Level  Hunger
a - Shock                 Conj/Air       ###.         3%          1    #......
b - Swiftness             Chrm/Air       ##......     10%         2    ###....
c - Static Discharge      Conj/Air       ###.....     10%         3    ###....


Dungeon Overview and Level Annotations

Branches:
Dungeon (2/15)

Altars:

Annotations:
D:2 Robin


Innate Abilities, Weirdness & Mutations

You have a beak for a mouth.
You have claws for feet.


Message History

* * * LOW HITPOINT WARNING * * *
The goblin barely misses you. The goblin hits you with a club.
* * * LOW HITPOINT WARNING * * *
The goblin hits you with a dagger.
* * * LOW HITPOINT WARNING * * *
The hobgoblin hits you.
* * * LOW HITPOINT WARNING * * *
You climb upwards.
There is a stone staircase leading down here.
Unknown command.
Unknown command.
You aren't carrying any potions.
Casting: Shock
Confirm with . or Enter, or press ? or * to list all spells.
The goblin is struck by lightning.
You kill the goblin!
The lightning arcs!
The hobgoblin is struck by lightning.
You kill the hobgoblin!
The lightning grounds out.
The goblin hits you with a club.
You die...

##.###.#...###.....#.####........
............#.#.##.#.# #........
.........)......##.#.# #..####..
##.####......#..##.#.# #.#...#..
##.# ##...#.#.....#.## #.....#.#
##.# #..............###.#..#..#
##.# #..............##.†.....##
##.#####.....#÷lg####.....######
...............†@# ##.##.##
##...........#.#g###......#######
#########......#.##..............
...# ###.####.###......#######
##.# #.###...###.##.## ##.#
###.##.....##.##.#
##.######.............##.#
......)...#.##.....#..##.#
##.########...........##.########


You could see 2 goblins and a frilled lizard.

Vanquished Creatures
  2 oozes (D:1)
  3 dart slugs (D:1)
  A leopard gecko (D:1)
  3 bats (D:1)
  2 giant cockroaches (D:1)
  8 goblins (D:1)
  7 hobgoblins (D:1)
  5 jackals (D:1)
  4 kobolds (D:1)
  4 frilled lizards (D:1)
  4 rats (D:1)
43 creatures vanquished.

Notes
Turn   | Place    | Note
-------+----------+-------------------------------------------
     0 | D:1      | vatarom the Tengu Air Elementalist began the quest for the Orb.
     0 | D:1      | Reached XP level 1. HP: 10/10 MP: 4/4
    53 | D:1      | Reached XP level 2. HP: 11/15 MP: 1/6
   351 | D:1      | Learned a level 2 spell: Swiftness
   371 | D:1      | Reached skill level 5 in Air Magic
   399 | D:1      | Reached XP level 3. HP: 19/19 MP: 2/7
   675 | D:1      | Learned a level 3 spell: Static Discharge
  1015 | D:2      | Noticed Robin
  1053 | D:1      | Reached XP level 4. HP: 10/24 MP: 0/8
  1227 | D:2      | HP: 1/24 [hobgoblin[Robin] (1)]
  1229 | D:1      | Slain by a goblin

Skill      XL: |  1  2  3 |
---------------+----------+-----
Conjurations   | 2 3 |  3.5
Air Magic      | 5 |  5.4
Dodging        | |  2.1
Stealth        | |  2.0
Spellcasting   | |  2.0

Action                   |  1- 3 |  4- 6 || total
-------------------------+-------+-------++-------
Melee: Unarmed           |    23 |       ||    23
       Kick              |     9 |     1 ||    10
       Peck              |     3 |       ||     3
       Short sword       |    11 |     4 ||    15
 Cast: Shock             |    63 |     1 ||    64
       Static Discharge  |     2 |     1 ||     3
  Use: Scroll            |     1 |       ||     1
       Potion            |     2 |       ||     2
  Eat: Bread ration      |     1 |       ||     1
Armor: Robe              |     7 |       ||     7
Dodge: Dodged            |    36 |     7 ||    43
